 Dungeon Crawl Stone Soup version 0.32-a0-868-g153ae1a8d6 (webtiles) character file.

Game seed: 1036714936591395072

67 adelrune the Conjurer (level 4, -1/27 HPs)
             Began as a Tengu Reaver on Mar 28, 2024.
             Slain by Grinder (4 damage)
             ... on level 3 of the Dungeon.
             The game lasted 00:11:17 (2582 turns).

adelrune the Conjurer (Tengu Reaver)                Turns: 2582, Time: 00:11:17

Health: -1/27      AC:  3    Str: 12    XL:     4   Next: 18%
Magic:  2/8        EV: 11    Int: 14    God:
Gold:   130        SH:  0    Dex: 14    Spells: 3/7 levels left

rFire   . . .        a - +0 falchion
rCold   . . .        (no shield)
rNeg    . . .        g - +0 leather armour
rPois   .            (helmet restricted)
rElec   .            (no cloak)
rCorr   .            (no gloves)
SInv    .            (boots unavailable)
Will    .....        (no amulet)
Stlth   +            (no ring)
HPRegen 0.24/turn    (no ring)
MPRegen 0.11/turn

%: acrobat
@: immotile, very slightly contaminated
A: beak, talons 3, acrobatic
a: no special abilities


You were on level 3 of the Dungeon.
You visited 1 branch of the dungeon, and saw 3 of its levels.

You collected 130 gold pieces.

Inventory:

Hand Weapons
 a - a +0 falchion (weapon)
 b - a +0 sling
Armour
 g - a +0 leather armour (worn)
 l - an orb of wrath
Wands
 o - a wand of flame (17)
Scrolls
 c - 3 scrolls of identify {unknown}
 f - 2 scrolls of blinking {unknown}
 i - a scroll of amnesia {unknown}
 m - a scroll of immolation {unknown}
Potions
 d - a potion of berserk rage {unknown}
 e - 2 potions of brilliance {unknown}
 h - 2 potions of curing {unknown}
 j - a potion of resistance {unknown}
 k - a potion of attraction {unknown}
 n - a potion of mutation {unknown}


   Skills:
 - Level 2.6 Fighting
 - Level 4.3 Long Blades
 - Level 2.8 Dodging
 + Level 0.2 Stealth
 - Level 2.0 Spellcasting
 - Level 4.3 Conjurations


You had 3 spell levels left.
You knew the following spells:

 Your Spells              Type           Power      Damage    Failure   Level
a - Kiss of Death         Conj/Necr      28%        2d7       12%         1
b - Momentum Strike       Conj/Tloc      14%        3d8       19%         2
c - Summon Small Mammal   Summ           4%         N/A       30%         1

Your spell library contained the following spells:

 Spells                   Type           Power      Damage    Failure   Level
 Hailstorm                Conj/Ice       7%         3d5       36%         3
 Alistair's Intoxication  Alch           0%         N/A       100%        5
 Borgnjor's Vile Clutch   Necr/Erth      0%         N/A       100%        5
 Eringya's Noxious Bog    Alch           0%         4d6       100%        6


Dungeon Overview and Level Annotations

Branches:
Dungeon (3/15)

Altars:

Shops:
D:1 (

Annotations:
D:3 Grinder


Innate Abilities, Weirdness & Mutations

You have a beak for a mouth.
You have claws for feet.
You can magically evade attacks while moving or waiting.


Message History

You are very lightly contaminated with residual magic.
Nothing appears to happen.
Grinder completely misses you.
Casting: Momentum Strike (safe; 19% risk of failure)
Confirm with . or Enter, or press ? or * to list all spells.
Aiming: Momentum Strike (safe; 19% risk of failure)
Press: ? - help, Dir - move target, f/p - Grinder
Aim: Grinder (moderately wounded, 64% to hit)
The concentrated momentum misses Grinder.
Grinder gestures at you. You resist with significant effort.
Casting: Momentum Strike (safe; 19% risk of failure)
Confirm with . or Enter, or press ? or * to list all spells.
Aiming: Momentum Strike (safe; 19% risk of failure)
Press: ? - help, Dir - move target, f/p - Grinder
Aim: Grinder (moderately wounded, 64% to hit)
The concentrated momentum hits Grinder!
Grinder is heavily wounded.
You are unable to move.
Grinder closely misses you.
Casting: Momentum Strike (safe; 19% risk of failure)
Confirm with . or Enter, or press ? or * to list all spells.
You can't see any susceptible monsters within range! (Use Z to cast anyway.) Unknown command.
You barely miss Grinder. Your kick misses Grinder.
Grinder is heavily wounded.
Grinder gestures at you.
You suddenly lose the ability to move!
Grinder hits you.
You writhe in agony.
Grinder hits you.
You writhe in agony.
Grinder hits you.
* * * LOW HITPOINT WARNING * * *
You writhe in agony.
* * * LOW HITPOINT WARNING * * *
You can move again.
Unknown command.
You cannot move.
You hit Grinder. You claw Grinder! You peck Grinder, but do no damage.
Grinder is severely wounded.
Grinder hits you.
You die...
Grinder sighs, "Dead already?
I want a refund."

..# #.#
#.# #.#
#.# #.#
#5# #@#
##.#
##..#
####...##
+.......#
####...##
##..#
#.## #.#


You could see Grinder.

Vanquished Creatures
  A gnoll (D:2)
  A dart slug (D:1)
  3 ribbon worms
  5 bats
  2 giant cockroaches
  7 goblins
  2 hobgoblins
  5 kobolds
  A quokka (D:2)
  7 ball pythons
  11 frilled lizards
  2 rats (D:1)
47 creatures vanquished.

Notes
Turn   | Place    | Note
-------+----------+-------------------------------------------
     0 | D:1      | adelrune the Tengu Reaver began the quest for the Orb.
     0 | D:1      | Reached XP level 1. HP: 12/12 MP: 4/4
   242 | D:1      | Reached XP level 2. HP: 16/17 MP: 6/6
   245 | D:1      | Learned a level 2 spell: Momentum Strike
   346 | D:1      | Found Circhutuy's Weapon Shoppe.
   828 | D:1      | Reached XP level 3. HP: 21/22 MP: 2/7
  1837 | D:2      | Reached XP level 4. HP: 18/27 MP: 4/8
  2399 | D:3      | Found a faded altar of an unknown god.
  2404 | D:3      | Got Plato's Vellum of the Mob
  2407 | D:3      | Learned a level 1 spell: Summon Small Mammal
  2570 | D:3      | Noticed Grinder
  2578 | D:3      | Paralysed by Grinder for 4 turns
  2582 | D:3      | Slain by Grinder

Illustrated notes

Levels and vault maps discovered:
D:1:      minmay_arrival_four_loops, layout_loops_ring, serial_shops,
          nicolae_shop_getting_attention, minmay_lizard_pond
D:2:      layout_loops_corners, minmay_indecisive_spiral
D:3:      layout_loops_corners, shapermc_ecumenical_altar_rom_forum,
          grunt_ministairs_5, uniq_grinder

Skill      XL: |  1  2  3 |
---------------+----------+-----
Long Blades    | 4 |  4.3
Fighting       | |  2.6
Dodging        | |  2.8
Stealth        | |  0.2
Spellcasting   | |  2.0
Conjurations   | |  4.3

Action                     |  1- 3 |  4- 6 || total
---------------------------+-------+-------++-------
  Melee: Falchion          |    75 |     6 ||    81
         Kick              |     6 |     2 ||     8
         Peck              |     7 |     1 ||     8
   Fire: Sling             |     1 |       ||     1
   Cast: Momentum Strike   |    18 |     6 ||    24
         Kiss of Death     |     1 |       ||     1
  Evoke: Wand              |       |     4 ||     4
 Armour: Leather armour    |    45 |     6 ||    51
  Dodge: Dodged            |    59 |     4 ||    63

Table legend: (Time is in decaauts)
 A = Elapsed time spent in this place.
 B = Non-inter-level travel time spent in this place.
 C = Inter-level travel time spent in this place.
 D = Time resting spent in this place.
 E = Time spent auto-exploring this place.
 F = Levels seen in this place.
 G = Mean time per level.
                   A        B        C        D        E       F      G
               +--------+--------+--------+--------+--------+-----+--------+
         Total |   2589 |   2432 |    157 |    375 |   1588 |   3 |  863.0 |
       Dungeon |   2589 |   2432 |    157 |    375 |   1588 |   3 |  863.0 |
               +--------+--------+--------+--------+--------+-----+--------+

Top non-repeatable levels by time:
     D:2: 1227 daAuts
     D:1: 1161 daAuts
     D:3: 199 daAuts
